 Dungeon Crawl Stone Soup version 0.25-a0-474-ga8a2ee3 (webtiles) character file.

Game seed: 14748499442644715553, levelgen mode: deterministic

31 Calixtus the Skirmisher (level 3, 25/29 HPs)
             Began as a Demonspawn Fighter on Feb 8, 2020.
             Quit the game on level 1 of the Dungeon.
             The game lasted 00:04:08 (505 turns).

Calixtus the Skirmisher (Demonspawn Fighter)         Turns: 505, Time: 00:04:08

Health: 25/29      AC:  7    Str: 17    XL:     3   Next: 7%
Magic:  3/3        EV:  7    Int:  9    God:
Gold:   49         SH:  9    Dex: 12    Spells: 2/2 levels left

rFire    . . .     SeeInvis .   a - +0 long sword
rCold    . . .     Gourm    .   c - +0 shield
rNeg     . . .     Faith    .   b - +0 scale mail
rPois    .         Spirit   .   (no helmet)
rElec    .         Reflect  .   (no cloak)
rCorr    .         Harm     .   h - +0 pair of gloves
MR       .....                  (no boots)
Stlth    ..........             (no amulet)
HPRegen  0.09/turn              (no ring)
MPRegen  0.08/turn              (no ring)

@: no status effects
A: claws 1, hooves 1
a: no special abilities


You were on level 1 of the Dungeon.
You were not hungry.

You visited 1 branch of the dungeon, and saw 1 of its levels.

You collected 49 gold pieces.

Inventory:

Hand Weapons
 a - a +0 long sword (weapon)
Armour
 b - a +0 scale mail (worn)
 c - a +0 shield (worn)
 g - a cursed +0 robe
 h - a +0 pair of gloves (worn)
Scrolls
 e - a scroll of teleportation {unknown}
 j - a scroll of amnesia {unknown}
 k - a scroll of magic mapping {unknown}
Potions
 d - a potion of might
 i - a potion of flight {unknown}
 l - a potion of agility {unknown}
Comestibles
 f - 2 rations


   Skills:
 + Level 3.2 Fighting
 + Level 2.2 Long Blades
 + Level 3.0 Armour
 + Level 0.2 Dodging
 + Level 3.1 Shields


You had 2 spell levels left.
You didn't know any spells.
Your spell library was empty.

Dungeon Overview and Level Annotations

Branches:
Dungeon (1/15)

Altars:


Innate Abilities, Weirdness & Mutations

You have sharp fingernails.
You have large cloven feet.


Message History

The goblin hits you but does no damage.
A bat comes into view.
You block the goblin's attack.
You hit the goblin. You kick the goblin.
The goblin is heavily wounded.
You block the goblin's attack.
Your shield prevents you from hitting the goblin.
You kick the goblin.
You kill the goblin!
You block the bat's attack. The bat hits you but does no damage.
Your scale mail prevents you from hitting the rat.
You block the bat's attack. The rat bites you.
You closely miss the rat. You block the bat's attack.
The rat barely misses you.
You hit the rat.
You kill the rat!
You block the bat's attack.
Quiver which item? (- for none, * to show all) (? for menu, Esc to quit)
Okay, then.
Are you sure you want to abandon this character and quit the game? (Confirm with "yes".)

# # .. .. ... ...###. ....
.......# ###.$..
..(...........##.......
#.............?........#
#................b......
#................)...... #....#
#.......@†#
.....####....#....####
.......................
..........................
#.......#....#....#####.)###
#....####....#.............#
#.......#....#......)......# .#
###..........#.............##.#
##........########.........##.#


You could see a bat.

Vanquished Creatures
  A dart slug (D:1)
  2 giant cockroaches (D:1)
  3 goblins (D:1)
  4 hobgoblins (D:1)
  7 kobolds (D:1)
  3 bats (D:1)
  3 frilled lizards (D:1)
  4 rats (D:1)
27 creatures vanquished.

Notes
Turn   | Place    | Note
-------+----------+-------------------------------------------
     0 | D:1      | Calixtus the Demonspawn Fighter began the quest for the
                  | Orb.
     0 | D:1      | Reached XP level 1. HP: 18/18 MP: 1/1
   269 | D:1      | Gained mutation: You have large cloven feet. [demonic
                  | ancestry]
   269 | D:1      | Reached XP level 2. HP: 24/24 MP: 2/2
   499 | D:1      | Gained mutation: You have sharp fingernails. [demonic
                  | ancestry]
   499 | D:1      | Reached XP level 3. HP: 27/29 MP: 3/3
   505 | D:1      | Quit the game

Levels and vault maps discovered:
D:1:      co_arrival_square_in_a_square_in_a_square, layout_basic,
          minmay_misc_feat_enclosed, lexackson_kobold_supper

Skill      XL: |  1  2 |
---------------+-------+-----
Shields        | 3 |  3.1
Long Blades    | 2 |  2.2
Armour         | 3 |  3.0
Fighting       | |  3.2
Dodging        | |  0.2

Action                   || total
-------------------------++-------
Melee: Long sword        ||    69
       Kick              ||     6
Armor: Scale mail        ||    29
Dodge: Dodged            ||    19
Block: Shield            ||    44
       Rpst.: Long sword ||     5

Table legend:
 A = Non-vault XP
 B = Vault XP
 C = Vault XP percentage of total XP
 D = Non-vault monster count
 E = Vault monster count
 F = Vault count percentage of total count
                 A         B        C        D         E       F
            +---------+---------+-------+---------+---------+-------
      Total |      37 |       8 |  17.8 |      22 |       5 |  18.5
            +---------+---------+-------+---------+---------+-------
        D:1 |      37 |       8 |  17.8 |      22 |       5 |  18.5
            +---------+---------+-------+---------+---------+-------
